[Event "Niedersachsen-ch B 2024"]
[Site "Verden Aller"]
[Date "2024.01.06"]
[Round "6.28"]
[White "Heckl, Philipp"]
[Black "Fize, Aleksandrs"]
[Result "1-0"]
[ECO "B21"]
[WhiteElo "1580"]
[BlackElo "1307"]
[Annotator "NA RC"]
[PlyCount "106"]
[EventDate "2024.01.01"]
[EventType "swiss"]
[EventCountry "GER"]
[SourceTitle "playchess.com"]
[Source "ChessBase"]
[SourceQuality "1"]
[TimeControl "40/5400+30:1800+30"]

1. e4 c5 2. f4 e6 3. Nf3 Nc6 4. Be2 a6 5. a4 b6 6. d3 Bb7 7. O-O d6 8. f5 exf5 9. exf5 Nf6 10. Bg5 Be7 11. c3 O-O 12. Na3 Ng4 13. Bxe7 Qxe7 14. Nc2 Rfe8 15. Re1 Nge5 16. d4 cxd4 17. Ncxd4 Nxd4 18. cxd4 Nxf3+ 19. Bxf3 Qxe1+ 20. Qxe1 Rxe1+ 21. Rxe1 Bxf3 22. gxf3 Kf8 23. Rc1 Rb8 24. Rc6 Ke7 25. Kf2 Kd7 26. d5 Rc8 27. Rxb6 Rc2+ 28. Kg3 Kc7 29. Rxa6 Rxb2 30. Ra7+ Rb7 31. Ra8 Rb8 32. Ra5 f6 33. Kf4 Rb4+ 34. Ke3 Kb6 35. Ra8 Rh4 36. Rg8 Rxa4 37. Rxg7 Ra7 38. Rg8 Re7+ 39. Kd4 Re5 40. Rc8 Rxf5 41. Rc6+ Kb7 42. Rxd6 h5 43. Ke4 Re5+ 44. Kf4 Kc7 45. Rxf6 Rxd5 46. Rf5 Rd4+ 47. Kg5 Rd2 48. h4 Kd7 49. Kxh5 Ke6 50. Ra5 Rd3 51. f4 Rd8 52. Kg4 Rg8+ 53. Rg5 Rxg5+ 1-0

[Event "Niedersachsen-ch B 2024"]
[Site "Verden Aller"]
[Date "2024.01.06"]
[Round "6.29"]
[White "Stockburger, Alexander"]
[Black "Rinke, Alexander"]
[Result "1/2-1/2"]
[ECO "B15"]
[WhiteElo "1573"]
[BlackElo "1296"]
[Annotator "NA RC"]
[PlyCount "72"]
[EventDate "2024.01.01"]
[EventType "swiss"]
[EventCountry "GER"]
[SourceTitle "playchess.com"]
[Source "ChessBase"]
[SourceQuality "1"]
[TimeControl "40/5400+30:1800+30"]

1. e4 c6 2. Nc3 d5 3. Nf3 dxe4 4. Nxe4 Nf6 5. Nxf6+ exf6 6. d4 Bd6 7. Bd3 O-O 8. O-O Be6 9. c3 Nd7 10. Bc2 Re8 11. Qd3 g6 12. Bh6 Nb6 13. Qd2 Qc7 14. b3 Nd5 15. Rfe1 Qa5 16. b4 Qb5 17. Bd3 Qb6 18. a3 Qc7 19. c4 Bf4 20. Bxf4 Nxf4 21. Rac1 Nxd3 22. Qxd3 Bf5 23. Qc3 Rac8 24. Re3 Qd7 25. Rce1 Rxe3 26. Qxe3 Rd8 27. h3 Be6 28. c5 Bd5 29. Rd1 Re8 30. Qf4 Re6 31. Rd3 Qe7 32. Re3 Rxe3 33. fxe3 Qe4 34. Qxe4 Bxe4 35. Nd2 Bd5 36. e4 Be6 1/2-1/2

[Event "Niedersachsen-ch B 2024"]
[Site "Verden Aller"]
[Date "2024.01.06"]
[Round "6.33"]
[White "Sauer, Ben"]
[Black "Wildner, Jens Martin"]
[Result "0-1"]
[ECO "B13"]
[WhiteElo "1427"]
[BlackElo "1634"]
[Annotator "NA RC"]
[PlyCount "86"]
[EventDate "2024.01.01"]
[EventType "swiss"]
[EventCountry "GER"]
[SourceTitle "playchess.com"]
[Source "ChessBase"]
[SourceQuality "1"]
[TimeControl "40/5400+30:1800+30"]

1. e4 c6 2. d4 d5 3. exd5 cxd5 4. Bd3 Nc6 5. c3 g6 6. Bf4 Bf5 7. Nf3 Bxd3 8. Qxd3 Nf6 9. Nbd2 Bg7 10. O-O O-O 11. h3 e6 12. Rfe1 a6 13. a4 Nd7 14. Ne5 Ndxe5 15. dxe5 Qc7 16. Nf3 Na5 17. Nd2 Rfc8 18. Bh2 Bh6 19. Kh1 Bxd2 20. Qxd2 Nb3 21. Qf4 Nxa1 22. Rxa1 Qe7 23. Qh6 Qf8 24. Qxf8+ Kxf8 25. Kg1 Rc4 26. f3 Rac8 27. Kf1 d4 28. cxd4 Rxd4 29. Bg1 Rd5 30. f4 Rc2 31. Rb1 Rdd2 32. g4 Rxb2 33. Rxb2 Rxb2 34. Ke1 Ra2 35. a5 Rxa5 36. Bb6 Ra2 37. Bc5+ Ke8 38. Kd1 Kd7 39. Kc1 Kc6 40. Kb1 Rh2 41. g5 Kxc5 42. h4 Kc4 43. f5 Kb3 0-1

[Event "Niedersachsen-ch B 2024"]
[Site "Verden Aller"]
[Date "2024.01.06"]
[Round "6.34"]
[White "Nechitaylo, Lev"]
[Black "Steven, Matthias"]
[Result "1/2-1/2"]
[ECO "B22"]
[WhiteElo "1456"]
[BlackElo "1284"]
[Annotator "NA RC"]
[PlyCount "105"]
[EventDate "2024.01.01"]
[EventType "swiss"]
[EventCountry "GER"]
[SourceTitle "playchess.com"]
[Source "ChessBase"]
[SourceQuality "1"]
[TimeControl "40/5400+30:1800+30"]

1. e4 c5 2. c3 d5 3. exd5 Qxd5 4. Nf3 e5 5. Bb5+ Bd7 6. Bxd7+ Nxd7 7. O-O Bd6 8. d4 cxd4 9. cxd4 exd4 10. Nxd4 Bc5 11. Be3 Ngf6 12. Nc3 Qd6 13. Ndb5 Qxd1 14. Raxd1 O-O 15. Bxc5 Nxc5 16. Nc7 Rad8 17. N7d5 Nxd5 18. Nxd5 h6 19. Ne3 Ne6 20. g3 g5 21. Ng4 Kg7 22. f4 gxf4 23. gxf4 h5 24. Ne3 Rxd1 25. Nxd1 Rd8 26. Nc3 Rd2 27. f5 Ng5 28. b3 Rc2 29. Nb5 Rxa2 30. Nd6 Rb2 31. Nxb7 Rxb3 32. Nd6 Ra3 33. Kg2 a5 34. h4 Nh7 35. Re1 Kf6 36. Re8 Ra4 37. Kg3 Rg4+ 38. Kh3 a4 39. Ra8 Ke7 40. Nc8+ Kf6 41. Nb6 Kxf5 42. Nxa4 Nf6 43. Nc3 Kf4 44. Ne2+ Kf3 45. Nc1 Ne4 46. Ra3+ Kf2 47. Nd3+ Kf1 48. Ra1+ Ke2 49. Ne5 Nf2+ 50. Kh2 Rf4 51. Ra2+ Ke3 52. Ra3+ Ke4 53. Nc6 1/2-1/2

[Event "Niedersachsen-ch B 2024"]
[Site "Verden Aller"]
[Date "2024.01.06"]
[Round "6.35"]
[White "Oblender, Rudi"]
[Black "Margaryan, Venera"]
[Result "0-1"]
[ECO "B22"]
[WhiteElo "1511"]
[BlackElo "1473"]
[Annotator "NA RC"]
[PlyCount "88"]
[EventDate "2024.01.01"]
[EventType "swiss"]
[EventCountry "GER"]
[SourceTitle "playchess.com"]
[Source "ChessBase"]
[SourceQuality "1"]
[TimeControl "40/5400+30:1800+30"]

1. e4 e6 2. d4 d5 3. Nc3 dxe4 4. Nxe4 Nd7 5. Nf3 Ngf6 6. Nxf6+ Nxf6 7. c3 c5 8. Bb5+ Bd7 9. Bxd7+ Qxd7 10. O-O cxd4 11. Nxd4 Bc5 12. Be3 Nd5 13. Nc2 Nxe3 14. Qxd7+ Kxd7 15. Nxe3 Ke7 16. b4 Bxe3 17. fxe3 Rac8 18. Rac1 Rhd8 19. Rfe1 b5 20. Kf2 Rd3 21. c4 Rxc4 22. Rxc4 bxc4 23. Rc1 c3 24. a4 Kd6 25. Ke2 Rd2+ 26. Ke1 Rxg2 27. Rxc3 Rxh2 28. Rc8 Ra2 29. a5 h5 30. Ra8 h4 31. Kf1 h3 32. Kg1 g5 33. Rxa7 f5 34. Rg7 g4 35. e4 fxe4 36. Rxg4 h2+ 37. Kh1 e3 38. Re4 e2 39. a6 Ra1+ 40. Kxh2 e1=Q 41. a7 Qxe4 42. a8=N Qd3 43. Nb6 Ra2+ 44. Kg1 Qd1# 0-1

[Event "Niedersachsen-ch B 2024"]
[Site "Verden Aller"]
[Date "2024.01.07"]
[Round "7.2"]
[White "Silber, Stefanie"]
[Black "Richter, Silas"]
[Result "1-0"]
[ECO "A29"]
[WhiteElo "1581"]
[BlackElo "1614"]
[Annotator "NA RC"]
[PlyCount "45"]
[EventDate "2024.01.01"]
[EventType "swiss"]
[EventCountry "GER"]
[SourceTitle "playchess.com"]
[Source "ChessBase"]
[SourceQuality "1"]
[TimeControl "40/5400+30:1800+30"]

1. c4 e5 2. g3 Nf6 3. Bg2 d5 4. cxd5 Nxd5 5. Nc3 Be6 6. Nf3 Nc6 7. O-O Nxc3 8. bxc3 e4 9. Ne1 f5 10. d4 Qd7 11. f3 exf3 12. Nxf3 O-O-O 13. Qa4 Be7 14. Ne5 Nxe5 15. Qxa7 Qb5 16. Ba3 Bxa3 17. Rab1 Bb2 18. dxe5 Rhe8 19. a4 Qb3 20. a5 Bd5 21. Rfd1 Qa2 22. e4 fxe4 23. Bh3+ 1-0

[Event "Niedersachsen-ch B 2024"]
[Site "Verden Aller"]
[Date "2024.01.07"]
[Round "7.3"]
[White "Kraeuter, Paavo Alexander"]
[Black "Schoene, Finn"]
[Result "1-0"]
[ECO "A85"]
[WhiteElo "1832"]
[BlackElo "1626"]
[Annotator "NA RC"]
[PlyCount "39"]
[EventDate "2024.01.01"]
[EventType "swiss"]
[EventCountry "GER"]
[SourceTitle "playchess.com"]
[Source "ChessBase"]
[SourceQuality "1"]
[TimeControl "40/5400+30:1800+30"]

1. d4 d5 2. c4 e6 3. Nf3 c6 4. e3 f5 5. Be2 Nf6 6. Nc3 Be7 7. O-O O-O 8. b3 Ne4 9. Bb2 Nd7 10. Ne5 Bd6 11. f4 Rf6 12. Nxe4 fxe4 13. c5 Bc7 14. Bc3 Nf8 15. Be1 Bxe5 16. fxe5 Rxf1+ 17. Bxf1 Qg5 18. Bf2 Ng6 19. Qe1 Ne7 20. Bh4 1-0

[Event "Niedersachsen-ch B 2024"]
[Site "Verden Aller"]
[Date "2024.01.07"]
[Round "7.4"]
[White "Kewe, Stefan"]
[Black "Walther, Jonas"]
[Result "1-0"]
[ECO "E62"]
[WhiteElo "1737"]
[BlackElo "1744"]
[Annotator "NA RC"]
[PlyCount "113"]
[EventDate "2024.01.01"]
[EventType "swiss"]
[EventCountry "GER"]
[SourceTitle "playchess.com"]
[Source "ChessBase"]
[SourceQuality "1"]
[TimeControl "40/5400+30:1800+30"]

1. d4 Nf6 2. Nf3 g6 3. g3 Bg7 4. Bg2 O-O 5. O-O d6 6. c4 Nc6 7. Nc3 e5 8. d5 Ne7 9. h3 h6 10. e4 Ne8 11. Be3 f5 12. Nh2 Nf6 13. Rc1 Nh5 14. Ne2 Kh7 15. c5 fxe4 16. cxd6 cxd6 17. Nc3 Nf6 18. Ng4 Bxg4 19. hxg4 Qa5 20. Nxe4 Nfxd5 21. Nxd6 Nxe3 22. fxe3 Rxf1+ 23. Qxf1 Rf8 24. Qe2 Qb4 25. Ne4 Qb6 26. Rc5 Nc6 27. b3 Rf7 28. g5 h5 29. Rb5 Qd8 30. Rd5 Qb6 31. Bf3 Ne7 32. Rd6 Qb4 33. Rd8 Nf5 34. Kg2 Qb6 35. Rd3 Rc7 36. Bxh5 Qc6 37. Bf3 Qc1 38. Rd2 Rc2 39. Kf2 Rc7 40. Qd1 Qa3 41. Qh1+ Kg8 42. Nf6+ Kf8 43. Qh7 Bxf6 44. Qxc7 Bxg5 45. Qc8+ Kg7 46. Qxb7+ Kh6 47. Re2 Qc5 48. Qe4 a5 49. Bg4 Nd6 50. Qd3 Nb5 51. Re1 Nd6 52. Rd1 Be7 53. Kg2 e4 54. Qd4 Qc2+ 55. Rd2 Qc1 56. Qh8+ Kg5 57. Qh4# 1-0

[Event "Niedersachsen-ch B 2024"]
[Site "Verden Aller"]
[Date "2024.01.07"]
[Round "7.5"]
[White "Berkenkamp, Matthis"]
[Black "Direk, Oguzhan"]
[Result "1/2-1/2"]
[ECO "A04"]
[WhiteElo "1425"]
[BlackElo "1657"]
[Annotator "NA RC"]
[PlyCount "86"]
[EventDate "2024.01.01"]
[EventType "swiss"]
[EventCountry "GER"]
[SourceTitle "playchess.com"]
[Source "ChessBase"]
[SourceQuality "1"]
[TimeControl "40/5400+30:1800+30"]

1. Nf3 d5 2. g3 e6 3. Bg2 f5 4. O-O Bd6 5. d3 Nf6 6. b3 Nbd7 7. Bb2 e5 8. c4 c6 9. Re1 O-O 10. e4 Bb4 11. Bc3 Bxc3 12. Nxc3 d4 13. Nb1 fxe4 14. Ng5 Nc5 15. Nxe4 Nfxe4 16. Bxe4 Nxe4 17. Rxe4 Qf6 18. f4 exf4 19. Rxf4 Qe5 20. Rxf8+ Kxf8 21. Qf3+ Kg8 22. Nd2 Bh3 23. Qe4 Qf6 24. Qf3 Qh6 25. Qf4 Qxf4 26. gxf4 Rf8 27. Kf2 Bf5 28. Nf3 Bxd3 29. Nxd4 Bg6 30. Ne6 Rf6 31. Re1 b6 32. Kg3 h6 33. c5 bxc5 34. Nxc5 Rd6 35. Re6 Rxe6 36. Nxe6 Bf5 37. Nd4 Bd7 38. b4 Kf7 39. Kf3 Ke7 40. Ke4 Kf6 41. a3 g5 42. fxg5+ Kxg5 43. Nf3+ Kf6 1/2-1/2

[Event "Niedersachsen-ch B 2024"]
[Site "Verden Aller"]
[Date "2024.01.07"]
[Round "7.8"]
[White "Ramme, Georg"]
[Black "Freise, Linus"]
[Result "0-1"]
[ECO "A80"]
[WhiteElo "1579"]
[BlackElo "1480"]
[Annotator "NA RC"]
[PlyCount "100"]
[EventDate "2024.01.01"]
[EventType "swiss"]
[EventCountry "GER"]
[SourceTitle "playchess.com"]
[Source "ChessBase"]
[SourceQuality "1"]
[TimeControl "40/5400+30:1800+30"]

1. Nf3 f5 2. d4 Nf6 3. Bf4 e6 4. Nbd2 Be7 5. e3 d6 6. c3 Nc6 7. Qb3 Ne4 8. Bb5 a6 9. Bd3 d5 10. Ne5 Nxe5 11. Bxe5 Bd6 12. Nf3 O-O 13. g3 Qe7 14. h4 Bd7 15. Rh2 b5 16. Ke2 Be8 17. h5 h6 18. Rah1 Rb8 19. Qd1 a5 20. Ke1 a4 21. Bxe4 fxe4 22. Bxd6 cxd6 23. Nh4 b4 24. Qg4 bxc3 25. bxc3 Rb1+ 26. Kd2 Rb2+ 27. Ke1 Qf6 28. f4 Rb6 29. Rd2 Bf7 30. Rhh2 Rfb8 31. Kf2 a3 32. Ke1 Rb1+ 33. Rd1 R1b2 34. Rdd2 Qd8 35. f5 Qg5 36. Qxg5 hxg5 37. Ng6 Rxd2 38. Rxd2 exf5 39. Ne7+ Kf8 40. Nxf5 Bxh5 41. Nxd6 Ke7 42. Nf5+ Kf6 43. Nd6 Ke6 44. Nxe4 dxe4 45. c4 Rb2 46. c5 Kd5 47. Rf2 Bf3 48. Rd2 Rb1+ 49. Kf2 Rc1 50. g4 Rc3 0-1

[Event "Niedersachsen-ch B 2024"]
[Site "Verden Aller"]
[Date "2024.01.07"]
[Round "7.9"]
[White "Kesselhut, Pascal"]
[Black "Schumacher, Klaus"]
[Result "1-0"]
[ECO "B22"]
[WhiteElo "1425"]
[BlackElo "1724"]
[Annotator "NA RC"]
[PlyCount "65"]
[EventDate "2024.01.01"]
[EventType "swiss"]
[EventCountry "GER"]
[SourceTitle "playchess.com"]
[Source "ChessBase"]
[SourceQuality "1"]
[TimeControl "40/5400+30:1800+30"]

1. e4 c5 2. c3 Nc6 3. d4 cxd4 4. cxd4 d5 5. exd5 Qxd5 6. Nf3 Bg4 7. Nc3 Qd7 8. d5 Bxf3 9. gxf3 O-O-O 10. dxc6 Qxc6 11. Qe2 e5 12. Qc4 Qxc4 13. Bxc4 Bb4 14. Ke2 Bxc3 15. bxc3 f6 16. Be3 Kb8 17. Rhd1 Rc8 18. Be6 Re8 19. Rd6 Ne7 20. Rad1 Nc8 21. Bxc8 Rxc8 22. R1d3 Rc4 23. Rd7 g6 24. Rf7 f5 25. Bd2 Rh4 26. Rdd7 Rxh2 27. Rxb7+ Ka8 28. Rxa7+ Kb8 29. Rae7 h5 30. Rxe5 Rh1 31. Bf4 Kc8 32. Ra7 Kb8 33. Ree7+ 1-0

[Event "Niedersachsen-ch B 2024"]
[Site "Verden Aller"]
[Date "2024.01.07"]
[Round "7.10"]
[White "Weist, Hartmut"]
[Black "Schoettker, Jochen"]
[Result "0-1"]
[ECO "C06"]
[WhiteElo "1581"]
[BlackElo "1875"]
[Annotator "NA RC"]
[PlyCount "128"]
[EventDate "2024.01.01"]
[EventType "swiss"]
[EventCountry "GER"]
[SourceTitle "playchess.com"]
[Source "ChessBase"]
[SourceQuality "1"]
[TimeControl "40/5400+30:1800+30"]

1. e4 e6 2. d4 d5 3. Nd2 Nf6 4. e5 Nfd7 5. Bd3 c5 6. c3 b6 7. Ne2 a5 8. O-O Ba6 9. Bxa6 Rxa6 10. a4 Nc6 11. f4 g6 12. Nf3 Ra7 13. Be3 h5 14. h4 Ne7 15. Ng3 Nc6 16. Ne2 Be7 17. Bf2 cxd4 18. Nexd4 Nxd4 19. cxd4 O-O 20. Rc1 Qb8 21. Qd3 Rc8 22. Ng5 Nf8 23. Qe3 Rac7 24. Kh2 Rc4 25. b3 Rc2 26. Rxc2 Rxc2 27. Rc1 Qc7 28. Rxc2 Qxc2 29. Be1 Nd7 30. Qc3 Qxc3 31. Bxc3 Nb8 32. Nf3 Kf8 33. g3 Ke8 34. Kg2 Kd7 35. Ne1 Kc6 36. Kf3 Kb7 37. Nc2 Nc6 38. Ke2 Ka6 39. Kd3 b5 40. Ke2 Na7 41. Kd3 Nc8 42. Bb2 Nb6 43. axb5+ Kxb5 44. Bc3 Nc8 45. Ke2 Na7 46. Kd3 Nc6 47. Ke2 Bf8 48. Kf3 a4 49. bxa4+ Kxa4 50. Ke2 Kb3 51. Kd3 Nb4+ 52. Bxb4 Bxb4 53. Ne3 Kb2 54. g4 Be1 55. f5 Bxh4 56. fxg6 fxg6 57. gxh5 gxh5 58. Nd1+ Kb3 59. Ke2 Kc4 60. Ne3+ Kxd4 61. Ng2 Bg5 62. Ne1 Kxe5 63. Nd3+ Kf5 64. Kf3 e5 0-1

[Event "Niedersachsen-ch B 2024"]
[Site "Verden Aller"]
[Date "2024.01.07"]
[Round "7.11"]
[White "Nguyen, Laurentius"]
[Black "Woellermann, Ludger"]
[Result "1-0"]
[ECO "A04"]
[WhiteElo "1546"]
[BlackElo "1829"]
[Annotator "NA RC"]
[PlyCount "101"]
[EventDate "2024.01.01"]
[EventType "swiss"]
[EventCountry "GER"]
[SourceTitle "playchess.com"]
[Source "ChessBase"]
[SourceQuality "1"]
[TimeControl "40/5400+30:1800+30"]

1. e4 c5 2. Nf3 Nc6 3. d3 g6 4. g3 Bg7 5. Bg2 e6 6. O-O Nge7 7. Re1 O-O 8. a4 d5 9. e5 f6 10. Bf4 fxe5 11. Nxe5 Nxe5 12. Bxe5 Bxe5 13. Rxe5 Nc6 14. Re2 Nd4 15. Re1 Qf6 16. f4 Bd7 17. c3 Nf5 18. Nd2 g5 19. Qg4 Ng7 20. Qxg5 Qxg5 21. fxg5 Rf5 22. Nf3 Bc6 23. h4 Raf8 24. Rf1 d4 25. Nh2 Rxf1+ 26. Nxf1 dxc3 27. bxc3 Bxg2 28. Kxg2 Rd8 29. Rd1 c4 30. d4 Nf5 31. Kf3 Rd6 32. Rb1 Ra6 33. Rb4 Nd6 34. Nd2 b5 35. axb5 Ra3 36. Nb1 Ra2 37. b6 axb6 38. Rxb6 Nf5 39. Rxe6 Rb2 40. Kf4 Nxd4 41. cxd4 Rxb1 42. Rc6 Rc1 43. Kg4 c3 44. Kh5 c2 45. Kh6 Rd1 46. Rxc2 Rxd4 47. Rc8+ Kf7 48. Kxh7 Rd6 49. g6+ Kf6 50. Rf8+ Ke7 51. g7 1-0

[Event "Niedersachsen-ch B 2024"]
[Site "Verden Aller"]
[Date "2024.01.07"]
[Round "7.12"]
[White "Balazs, Kata"]
[Black "Pac, Maksym"]
[Result "1/2-1/2"]
[ECO "D31"]
[WhiteElo "1723"]
[BlackElo "1416"]
[Annotator "NA RC"]
[PlyCount "89"]
[EventDate "2024.01.01"]
[EventType "swiss"]
[EventCountry "GER"]
[SourceTitle "playchess.com"]
[Source "ChessBase"]
[SourceQuality "1"]
[TimeControl "40/5400+30:1800+30"]

1. d4 d5 2. c4 e6 3. Nc3 c6 4. Nf3 dxc4 5. e4 b5 6. Be2 Bb7 7. O-O Nf6 8. Bg5 Be7 9. e5 Nd5 10. Bxe7 Qxe7 11. Ne4 O-O 12. Nd6 Nb6 13. Nd2 f5 14. Qc2 Nc8 15. Nxb7 Qxb7 16. a4 Ne7 17. b3 cxb3 18. Qxb3 Nd5 19. axb5 Nd7 20. bxc6 Qxc6 21. Rfc1 Qb6 22. Qa4 Qd8 23. Nc4 N7b6 24. Qc6 Nf4 25. Bf3 Rc8 26. Qb5 Qxd4 27. Nxb6 axb6 28. Rd1 Qc5 29. Rab1 Qxb5 30. Rxb5 Rc5 31. Rxb6 Rxe5 32. g3 Ng6 33. Rdd6 Re1+ 34. Kg2 Re8 35. Bh5 Re7 36. Bxg6 hxg6 37. h4 Kf7 38. Rd8 Rc7 39. Rbb8 Kf6 40. Rf8+ Rf7 41. Rxf7+ Kxf7 42. Kf3 Re4 43. Rb7+ Kf6 44. Rb8 Kf7 45. Rb7+ 1/2-1/2

[Event "Niedersachsen-ch B 2024"]
[Site "Verden Aller"]
[Date "2024.01.07"]
[Round "7.13"]
[White "Bangert, Jonas"]
[Black "Rademacher, Bengt"]
[Result "1/2-1/2"]
[ECO "D37"]
[WhiteElo "1527"]
[BlackElo "1702"]
[Annotator "NA RC"]
[PlyCount "41"]
[EventDate "2024.01.01"]
[EventType "swiss"]
[EventCountry "GER"]
[SourceTitle "playchess.com"]
[Source "ChessBase"]
[SourceQuality "1"]
[TimeControl "40/5400+30:1800+30"]

1. d4 d5 2. c4 e6 3. Nf3 c6 4. Nc3 Nf6 5. Bf4 Nbd7 6. e3 Be7 7. Be2 Nh5 8. Bg3 Nxg3 9. hxg3 dxc4 10. Qc2 h6 11. Bxc4 O-O 12. g4 b5 13. Bb3 Bb7 14. Bxe6 fxe6 15. Rxh6 Bf6 16. Ng5 Bxg5 17. Qh7+ Kf7 18. Qg6+ Kg8 19. Qh7+ Kf7 20. Qg6+ Kg8 21. Qh7+ 1/2-1/2

[Event "Niedersachsen-ch B 2024"]
[Site "Verden Aller"]
[Date "2024.01.07"]
[Round "7.14"]
[White "Golke, Philipp"]
[Black "Nordhorn, Horst"]
[Result "1/2-1/2"]
[ECO "B04"]
[WhiteElo "1490"]
[BlackElo "1696"]
[Annotator "NA RC"]
[PlyCount "94"]
[EventDate "2024.01.01"]
[EventType "swiss"]
[EventCountry "GER"]
[SourceTitle "playchess.com"]
[Source "ChessBase"]
[SourceQuality "1"]
[TimeControl "40/5400+30:1800+30"]

1. e4 Nf6 2. e5 Nd5 3. d4 d6 4. c4 Nb6 5. exd6 cxd6 6. Nf3 g6 7. Nc3 Bg7 8. Be3 O-O 9. Be2 Nc6 10. Qd2 e5 11. dxe5 dxe5 12. O-O Qxd2 13. Nxd2 f5 14. Bxb6 axb6 15. Nd5 Nd4 16. Bd1 Bh6 17. Nb3 Nxb3 18. Bxb3 Kg7 19. Nxb6 Ra6 20. Nxc8 Rxc8 21. Rad1 Rc7 22. Rd5 e4 23. Rfd1 Rac6 24. g3 Kf6 25. Kg2 Bf8 26. Rb5 Rd6 27. Rxd6+ Bxd6 28. Rb6 Ke7 29. Rb5 h6 30. Rb6 g5 31. c5 Rxc5 32. Rxb7+ Rc7 33. Rxc7+ Bxc7 34. Bc2 Kf6 35. g4 fxg4 36. Bxe4 Ke5 37. Bg6 Kd4 38. Bf5 h5 39. Bg6 h4 40. Bf5 g3 41. hxg3 hxg3 42. fxg3 Ke3 43. g4 Bd6 44. a4 Bb4 45. b3 Ke2 46. Be6 Ba5 47. Bc4+ Ke3 1/2-1/2

[Event "Niedersachsen-ch B 2024"]
[Site "Verden Aller"]
[Date "2024.01.07"]
[Round "7.17"]
[White "Grabowski, Petra"]
[Black "Junge, Julia Marie"]
[Result "1/2-1/2"]
[ECO "D32"]
[WhiteElo "1600"]
[BlackElo "1401"]
[Annotator "NA RC"]
[PlyCount "104"]
[EventDate "2024.01.01"]
[EventType "swiss"]
[EventCountry "GER"]
[SourceTitle "playchess.com"]
[Source "ChessBase"]
[SourceQuality "1"]
[TimeControl "40/5400+30:1800+30"]

1. d4 e6 2. c4 d5 3. Nf3 c5 4. dxc5 Bxc5 5. cxd5 exd5 6. e3 Nf6 7. Nc3 O-O 8. Bd3 Nc6 9. O-O Nb4 10. a3 Nxd3 11. Qxd3 a6 12. Rd1 Be6 13. Nd4 Ng4 14. Nf3 Nf6 15. b4 Ba7 16. Bb2 Qd7 17. Ne2 Ne4 18. Nf4 Rad8 19. Rac1 Qe7 20. Nd4 Nf6 21. Nf5 Bxf5 22. Qxf5 Qd7 23. Qg5 h6 24. Qg3 d4 25. Ne2 Bb8 26. Qf3 Ng4 27. h3 Ne5 28. Qe4 f5 29. Qxd4 Qe7 30. Qc5 Rd6 31. Bxe5 Rxd1+ 32. Rxd1 Qxe5 33. Qxe5 Bxe5 34. f4 Bb2 35. a4 Re8 36. Kf2 Re4 37. Nd4 Kf7 38. Kf3 g6 39. g4 h5 40. gxh5 gxh5 41. b5 Bxd4 42. Rxd4 axb5 43. axb5 Rxd4 44. exd4 h4 45. d5 Ke7 46. Ke3 b6 47. Kd3 Kd7 48. Kc4 Kc7 49. Kd4 Kd6 50. Kc4 Kc7 51. Kd3 Kd7 52. Kc4 Kc7 1/2-1/2

[Event "Niedersachsen-ch B 2024"]
[Site "Verden Aller"]
[Date "2024.01.07"]
[Round "7.18"]
[White "Homann, Christoph"]
[Black "Lieb, Max"]
[Result "0-1"]
[ECO "D18"]
[WhiteElo "1597"]
[BlackElo "1365"]
[Annotator "NA RC"]
[PlyCount "72"]
[EventDate "2024.01.01"]
[EventType "swiss"]
[EventCountry "GER"]
[SourceTitle "playchess.com"]
[Source "ChessBase"]
[SourceQuality "1"]
[TimeControl "40/5400+30:1800+30"]

1. d4 d5 2. c4 c6 3. Nc3 Nf6 4. Nf3 dxc4 5. a4 Bf5 6. e3 e6 7. Bxc4 Bb4 8. O-O O-O 9. Bd2 Bg6 10. Ne2 Bd6 11. Ng3 Nbd7 12. Nh4 c5 13. Nxg6 hxg6 14. dxc5 Bxc5 15. b4 Ne5 16. Be2 Be7 17. f4 Ned7 18. Bf3 e5 19. Kh1 exf4 20. exf4 Rc8 21. b5 Nb6 22. Bxb7 Rc7 23. Bc6 Nc4 24. Bc1 Na5 25. Bf3 Qc8 26. Be3 Rd8 27. Qe1 Nc4 28. Bc6 Ng4 29. Bc1 Bc5 30. Rf3 Re7 31. Qf1 Nf2+ 32. Rxf2 Bxf2 33. Qxf2 Rd1+ 34. Nf1 Ree1 35. Kg1 Ne3 36. Bxe3 Rxa1 0-1

[Event "Niedersachsen-ch B 2024"]
[Site "Verden Aller"]
[Date "2024.01.07"]
[Round "7.21"]
[White "Wilmink, Luca"]
[Black "Rose, Simeon"]
[Result "1-0"]
[ECO "C01"]
[WhiteElo "1539"]
[BlackElo "1368"]
[Annotator "NA RC"]
[PlyCount "61"]
[EventDate "2024.01.01"]
[EventType "swiss"]
[EventCountry "GER"]
[SourceTitle "playchess.com"]
[Source "ChessBase"]
[SourceQuality "1"]
[TimeControl "40/5400+30:1800+30"]

1. e4 e6 2. d4 d5 3. exd5 exd5 4. Bd3 Bd6 5. Ne2 Nf6 6. Nbc3 c6 7. Bg5 h6 8. Bh4 Be6 9. Bg3 Qc7 10. Qd2 O-O 11. O-O Nbd7 12. Nf4 Rfe8 13. Rfe1 Nf8 14. Na4 Re7 15. c4 dxc4 16. Nxe6 Rxe6 17. Rxe6 Nxe6 18. Bxc4 Ne4 19. Qe3 Nxg3 20. hxg3 Qa5 21. Bxe6 Qxa4 22. Bb3 Qb4 23. Re1 a5 24. a3 Qb6 25. Bxf7+ Kxf7 26. Qe6+ Kf8 27. Re3 Be7 28. Qxe7+ Kg8 29. Qe6+ Kh8 30. d5 cxd5 31. Qxb6 1-0

[Event "Niedersachsen-ch B 2024"]
[Site "Verden Aller"]
[Date "2024.01.07"]
[Round "7.23"]
[White "Eitel, Luc"]
[Black "Sanchez Tapia, Luis G."]
[Result "1-0"]
[ECO "B44"]
[WhiteElo "1535"]
[BlackElo "1576"]
[Annotator "NA RC"]
[PlyCount "77"]
[EventDate "2024.01.01"]
[EventType "swiss"]
[EventCountry "GER"]
[SourceTitle "playchess.com"]
[Source "ChessBase"]
[SourceQuality "1"]
[TimeControl "40/5400+30:1800+30"]

1. e4 c5 2. Nf3 e6 3. d4 cxd4 4. Nxd4 Nc6 5. c4 Nf6 6. f3 a6 7. Be3 Qc7 8. Nc3 Ne5 9. Qa4 Be7 10. Be2 O-O 11. O-O d6 12. Qb3 Rd8 13. Rac1 Bd7 14. f4 Nc6 15. Nxc6 Bxc6 16. Bf3 Rd7 17. Rfd1 Rc8 18. Kh1 Qb8 19. a4 Rdd8 20. a5 Nd7 21. Na4 Bxa4 22. Qxa4 b5 23. axb6 Nxb6 24. Qxa6 Nd7 25. Rb1 Nc5 26. Qa2 Rd7 27. b4 Nb7 28. e5 Rcd8 29. Bb6 Rc8 30. c5 d5 31. Qa4 Nxc5 32. bxc5 Rb7 33. Qa2 Bxc5 34. Bxc5 Rxc5 35. Rxb7 Qxb7 36. Qa4 g6 37. h3 Kg7 38. Qd4 Rc4 39. Qxc4 1-0

[Event "Niedersachsen-ch B 2024"]
[Site "Verden Aller"]
[Date "2024.01.07"]
[Round "7.28"]
[White "Wildner, Jens Martin"]
[Black "Schiel, Lucas"]
[Result "1-0"]
[ECO "A61"]
[WhiteElo "1634"]
[BlackElo "1312"]
[Annotator "NA RC"]
[PlyCount "63"]
[EventDate "2024.01.01"]
[EventType "swiss"]
[EventCountry "GER"]
[SourceTitle "playchess.com"]
[Source "ChessBase"]
[SourceQuality "1"]
[TimeControl "40/5400+30:1800+30"]

1. d4 Nf6 2. c4 c5 3. d5 e6 4. Nf3 exd5 5. cxd5 d6 6. Nc3 g6 7. e3 Bg7 8. Be2 O-O 9. O-O a6 10. a4 Re8 11. Nd2 Bf5 12. f3 b6 13. e4 Bc8 14. Nc4 Ra7 15. Bg5 h6 16. Bf4 Rd7 17. Qc2 Nh5 18. Bd2 Qh4 19. Be1 Bd4+ 20. Bf2 Nf4 21. Bxd4 cxd4 22. Nd1 d3 23. Bxd3 Nxd3 24. Qxd3 b5 25. Nb6 Rc7 26. Nf2 Nd7 27. Nxd7 Bxd7 28. Rfc1 Rec8 29. Qd2 Qxf2+ 30. Kxf2 Rxc1 31. Rxc1 Rxc1 32. Qxc1 1-0